 Dungeon Crawl Stone Soup version 0.30.0-5-g1a98f26d00 (webtiles) character file.

Game seed: 3842199901772358151

1 H0rd4k the Charlatan (level 1, 0/15 HPs)
             Began as a Human Artificer on May 9, 2023.
             Slain by a rat (1 damage)
             ... on level 1 of the Dungeon.
             The game lasted 00:00:08 (50 turns).

H0rd4k the Charlatan (Human Artificer)                Turns: 50, Time: 00:00:09

Health: 0/15       AC:  3    Str: 12    XL:     1   Next: 22%
Magic:  1/1        EV: 11    Int: 11    God:
Gold:   0          SH:  0    Dex: 13    Spells: 0/0 levels left

rFire   . . .        a - +0 club
rCold   . . .        (no shield)
rNeg    . . .        b - +0 leather armour
rPois   .            (no helmet)
rElec   .            (no cloak)
rCorr   .            (no gloves)
SInv    .            (no boots)
Will    .....        (no amulet)
Stlth   +            (no ring)
HPRegen 0.22/turn    (no ring)
MPRegen 0.07/turn

%: no passive effects
@: no status effects
A: no striking features
a: no special abilities


You were on level 1 of the Dungeon.
You visited 1 branch of the dungeon, and saw 1 of its levels.

Inventory:

Hand Weapons
 a - a +0 club (weapon)
Armour
 b - a +0 leather armour (worn)
Wands
 c - a wand of flame (15) (quivered)
 d - a wand of charming (15)
 e - a wand of iceblast (5)


   Skills:
 + Level 1.0 Fighting
 - Level 2.0 Armour
 + Level 1.0 Dodging
 + Level 1.0 Stealth
 + Level 3.1 Evocations


You couldn't memorise any spells.
You didn't know any spells.
Your spell library was empty.

Dungeon Overview and Level Annotations

Branches:
Dungeon (1/15)

Altars:


Message History

A rat comes into view.
Found an orange potion.
A hobgoblin comes into view.
A frilled lizard comes into view.
The helpless giant cockroach fails to defend itself.
You hit the giant cockroach but do no damage.
The giant cockroach bites you but does no damage.
You barely miss the giant cockroach.
The giant cockroach bites you but does no damage.
The giant cockroach bites you.
You hit the giant cockroach but do no damage.
The giant cockroach closely misses you. The giant cockroach barely misses you.
The rat bites you but does no damage.
You closely miss the giant cockroach. The giant cockroach misses you.
The rat barely misses you.
You hit the giant cockroach.
The giant cockroach is moderately wounded.
The giant cockroach bites you. The rat bites you.
The rat bites you but does no damage.
The giant cockroach bites you but does no damage.
You hit the giant cockroach.
The giant cockroach is heavily wounded.
The hobgoblin hits you. The rat closely misses you. x2
The giant cockroach bites you.
You closely miss the giant cockroach. Your punch misses the giant cockroach.
The giant cockroach is moderately wounded.
The frilled lizard hisses angrily.
The giant cockroach closely misses you. The hobgoblin barely misses you.
The rat bites you. x2
The giant cockroach bites you but does no damage.
The rat bites you but does no damage. The hobgoblin hits you.
* * * LOW HITPOINT WARNING * * *
The rat closely misses you.
Found 13 gold pieces.
The rat misses you. The hobgoblin attacks as you move away!
The hobgoblin hits you.
* * * LOW HITPOINT WARNING * * *
The frilled lizard attacks as you move away!
The frilled lizard bites you but does no damage.
The rat attacks as you move away! The rat bites you.
You die...

...########### #.# .
....#8≈≈≈≈≈≈§8# #....#
#.#.#.........#
#...#....#.#.[.......#
......##.#.'....8)..<#
....##.#.'....8....#
#.....#.#.........# #
#.)l#.#†#.........#
#..###..g@...#8≈≈≈≈≈§≈8#
........Br...###########
$#.#....r#.....#
......$...........
...................
...................
.............##....
.............# ....
.............# ##


You could see a giant cockroach, a hobgoblin, a frilled lizard and 2 rats.

Vanquished Creatures
  A quokka (D:1)
1 creature vanquished.

Notes
Turn   | Place    | Note
-------+----------+-------------------------------------------
     0 | D:1      | H0rd4k the Human Artificer began the quest for the Orb.
     0 | D:1      | Reached XP level 1. HP: 15/15 MP: 1/1
    50 | D:1      | Slain by a rat

Illustrated notes

Levels and vault maps discovered:
D:1:      lightli_arrival_noodles, layout_rooms

Action                     || total
---------------------------++-------
  Melee: Club              ||    14
   Stab: Sleeping          ||     1
 Armour: Leather armour    ||     9
  Dodge: Dodged            ||    15
